 Dungeon Crawl Stone Soup version 0.30.0-5-g1a98f26d00 (webtiles) character file.

Game seed: 6542952822660446343

243 fozzywoppz the Covered (level 6, -2/39 HPs)
             Began as a Gargoyle Fighter on May 9, 2023.
             Killed by divine providence
             ... invoked by an orc priest
              (12 damage)
             ... on level 4 of the Dungeon.
             The game lasted 00:05:24 (2411 turns).

fozzywoppz the Covered (Gargoyle Fighter)           Turns: 2411, Time: 00:05:24

Health: -2/39      AC: 11    Str: 16 (19) XL:     6   Next: 9%
Magic:  6/6        EV:  9    Int:  7 (9)  God:
Gold:   175        SH:  9    Dex:  8 (11) Spells: 5/5 levels left

rFire   + . .        a - +0 flail
rCold   . . .        c - +0 buckler
rNeg    + . .        b - +0 scale mail
rPois   ∞            (no helmet)
rElec   +            (no cloak)
rCorr   .            (no gloves)
SInv    .            (no boots)
Will    .....        l - amulet of reflection Stlth
                     m - ring of protection from fire
HPRegen 0.26/turn    (no ring)
MPRegen 0.10/turn

%: reflection
@: mighty, attractive
A: sickness immunity, AC +4, negative energy resistance 1, electricity
resistance, torment resistance 1, petrification resistance
a: no special abilities


You were on level 4 of the Dungeon.
You visited 1 branch of the dungeon, and saw 4 of its levels.

You collected 175 gold pieces.

Inventory:

Hand Weapons
 a - a +0 flail (weapon)
Armour
 b - a +0 scale mail (worn)
 c - a +0 buckler (worn)
Jewellery
 l - an amulet of reflection (around neck)
 m - a ring of protection from fire (left hand)
 q - a +5 ring of evasion
Wands
 k - a wand of acid (1)
 o - a wand of paralysis (12)
Scrolls
 e - 4 scrolls of identify {unknown}
 i - a scroll of vulnerability {unknown}
 j - a scroll of silence {unknown}
 n - a scroll of immolation {unknown}
 p - a scroll of blinking {unknown}
Potions
 d - 2 potions of might


   Skills:
 + Level 4.6 Fighting
 + Level 3.4 Maces & Flails
 + Level 4.6 Armour
 + Level 4.5 Shields


You had 5 spell levels left.
You didn't know any spells.
Your spell library contained the following spells:

 Spells                   Type           Power      Damage    Failure   Level
 Kiss of Death            Conj/Necr      0%         2d5       90%         1
 Ensorcelled Hibernation  Hex/Ice        0%         N/A       97%         2
 Passwall                 Tmut/Erth      0%         N/A       97%         2
 Confusing Touch          Hex            0%         N/A       99%         3
 Swiftness                Air            0%         N/A       99%         3
 Dispel Undead            Necr           0%         3d6       100%        4


Dungeon Overview and Level Annotations

Branches:
Dungeon (4/15)
 Temple: D:4-7

Altars:


Innate Abilities, Weirdness & Mutations

You are immune to sickness and miasma.
Your stone body is resilient. (AC +4)
You are immune to poison.
You resist negative energy. (rN+)
You are resistant to electric shocks. (rElec)
You are resistant to unholy torment.
You are immune to petrification.


Message History

You are confused.
A magic dart appears from out of thin air!
The magic dart hits you!
* * * LOW HITPOINT WARNING * * *
You hear some strange, mumbled words.
Something tries to affect you, but you resist.
You see here a +0 war axe.
You completely miss something. Something hits you.
* * * LOW HITPOINT WARNING * * *
It was a potion of degeneration.
There was something very wrong with that liquid.
You feel weakened.
You feel dopey.
You feel clumsy. Something hits you but does no damage.
It was a potion of attraction.
You feel attractive to monsters.
You feel less confused.
The orc priest miscasts a cantrip.
Something hits you.
* * * LOW HITPOINT WARNING * * *
Unknown command.
You feel better. Something hits you but does no damage.
You barely miss something.
The orc priest casts a cantrip, but nothing happens.
You block something's attack.
You miss something. Something hits you but does no damage. Something hits you.
You miss something. Something hits you but does no damage.
You barely miss something.
An orc wizard appears from thin air!
Reactivating autopickup.
The orc wizard hits you but does no damage.
You closely miss the orc wizard.
The orc wizard hits you with a +1 dagger of electrocution.
You closely miss the orc wizard. You block the orc wizard's attack. x2
You barely miss the orc wizard.
The orc wizard hits you with a +1 dagger of electrocution.
* * * LOW HITPOINT WARNING * * *
You barely miss the orc wizard.
The orc wizard hits you but does no damage.
You feel very mighty all of a sudden.
The orc priest mumbles some strange prayers to Beogh against you.
Beogh smites you!
You die...

#...........
#...........
#...........
#....o......
#..........
#######'###.....
#so..o{.# ...
#o####### . #@#
#.# ###+##### #.#
#........ #.#
##........ #.#
#....##### #.#
#....# #.# #...†#
#
#.#######....#####
#...............##


You could see a scorpion, an orc priest and an orc wizard.

Vanquished Creatures
  An orc priest (D:4)
  2 hounds
  An orc wizard (D:3)
  Ijyb (D:3)
  4 adders
  A white imp (D:4)
  2 dart slugs
  6 orcs
  5 bats
  3 endoplasms
  2 giant cockroaches
  5 hobgoblins
  3 quokkas
  5 ball pythons
  4 frilled lizards
  9 goblins
  5 kobolds
  2 rats
61 creatures vanquished.

Vanquished Creatures (others)
  A rat (D:3)
1 creature vanquished.

Grand Total: 62 creatures vanquished

Notes
Turn   | Place    | Note
-------+----------+-------------------------------------------
     0 | D:1      | fozzywoppz the Gargoyle Fighter began the quest for the
                  | Orb.
     0 | D:1      | Reached XP level 1. HP: 14/14 MP: 1/1
   122 | D:1      | Reached XP level 2. HP: 19/19 MP: 2/2
   774 | D:2      | Reached XP level 3. HP: 18/23 MP: 3/3
  1451 | D:3      | Reached XP level 4. HP: 27/29 MP: 4/4
  1457 | D:3      | Noticed Ijyb
  1531 | D:3      | HP: 1/29 [Ijyb/+0 dagger (5)]
  1534 | D:3      | Killed Ijyb
  1728 | D:3      | Reached XP level 5. HP: 33/33 MP: 5/5
  2395 | D:4      | Reached XP level 6. HP: 10/39 MP: 6/6
  2411 | D:4      | Killed from afar by an orc priest

Illustrated notes

Levels and vault maps discovered:
D:1:      dpeg_arrival_rhombus, layout_basic, nrook_loot_triangle
D:2:      kennysheep_big_flooded_room, layout_loops_ring
D:3:      layout_rooms, uniq_ijyb
D:4:      layout_basic, serial_shops, shop, minmay_fire_ice_demons, uniq_natasha

Skill      XL: |  1  2  3  4 |
---------------+-------------+-----
Fighting       | 4 |  4.6
Armour         | 4 |  4.6
Shields        | 4 |  4.5
Maces & Flails | 3 |  3.4

Action                     |  1- 3 |  4- 6 || total
---------------------------+-------+-------++-------
  Melee: Flail             |   125 |    76 ||   201
  Evoke: Wand              |       |     2 ||     2
    Use: Potion            |       |     6 ||     6
 Armour: Scale mail        |    72 |    40 ||   112
  Dodge: Dodged            |    51 |    21 ||    72
  Block: Buckler           |    33 |    30 ||    63
         Reflection        |       |     1 ||     1
